 Dungeon Crawl Stone Soup version 0.30.1-4-g462c640d31 (webtiles) character file.

Game seed: 14169779276275521371

263 H0rd4k the Charlatan (level 6, -2/39 HPs)
             Began as an Octopode Artificer on Sept 12, 2023.
             Killed by divine providence
             ... invoked by an orc priest
              (12 damage)
             ... on level 4 of the Dungeon.
             The game lasted 00:02:55 (2927 turns).

H0rd4k the Charlatan (Octopode Artificer)           Turns: 2927, Time: 00:02:57

Health: -2/39      AC:  1    Str: 11    XL:     6   Next: 19%
Magic:  6/6        EV: 14    Int: 16    God:
Gold:   185        SH:  0    Dex: 12    Spells: 5/5 levels left

rFire   . .          .
                       - Unarmed
rCold   . . .        (no shield)
rNeg    . . .        (helmet restricted)
rPois   .            (no amulet)
rElec   .            (no ring)
rCorr   .            (no ring)
SInv    .            (no ring)
Will    .....        (no ring)
Stlth   +++          (no ring)
HPRegen 0.26/turn    (no ring)
MPRegen 0.10/turn    (no ring)
                     (no ring)

%: no passive effects
@: no status effects
A: almost no armour, amphibious, 8 rings, camouflage 1, gelatinous body 1,
(nimble swimmer 1), tentacles
a: no special abilities


You were on level 4 of the Dungeon.
You visited 1 branch of the dungeon, and saw 4 of its levels.

You collected 185 gold pieces.

Inventory:

Missiles
 j - 7 poisoned darts
 q - a throwing net
Wands
 b - a wand of flame (5) (quivered)
 c - a wand of charming (9)
 d - a wand of iceblast (4)
Scrolls
 a - a scroll of summoning {unknown}
 g - a scroll of enchant armour {unknown}
 i - a scroll of torment {unknown}
 k - 2 scrolls of noise {unknown}
 l - 2 scrolls of identify {unknown}
 m - a scroll of blinking {unknown}
 r - 2 scrolls of fear {unknown}
Potions
 e - 3 potions of might {unknown}
 f - 4 potions of heal wounds {unknown}
 h - a potion of invisibility {unknown}
 n - a potion of lignification {unknown}
 o - a potion of cancellation {unknown}
 p - a potion of curing {unknown}


   Skills:
 + Level 2.0 Fighting
 + Level 3.7 Dodging
 - Level 1.3 Stealth
 + Level 3.6 Unarmed Combat
 + Level 4.5 Evocations


You had 5 spell levels left.
You didn't know any spells.
Your spell library was empty.

Dungeon Overview and Level Annotations

Branches:
Dungeon (4/15)
 Temple: D:4-7

Altars:

Annotations:
D:2 exclusion: downstairs


Innate Abilities, Weirdness & Mutations

You cannot wear most types of armour.
You are amphibious.
You can wear up to eight rings at the same time.
Your skin changes colour to match your surroundings (Stealth+).
Your rubbery body absorbs attacks. (AC +1, EV +1)
((You are camouflaged when in or above water. (Stealth+)))
You have tentacles for arms and can constrict up to eight enemies at once.


Message History

You barely miss the orc. You grab the orc. You squeeze the orc.
The orc is heavily wounded.
You constrict the orc. The orc misses you.
You bludgeon the orc!
You kill the orc!
The orc priest hits you with a +0 dagger.
The orc priest calls down the wrath of Beogh upon you.
Pain shoots through your body!
The orc wizard mumbles some strange words.
The orc wizard flickers and vanishes!
Deactivating autopickup; reactivate with Ctrl-A.
You closely miss the orc. You grab the orc.
You constrict the orc, but do no damage.
The orc hits you with a +0 mace.
You tentacle-slap the orc. You squeeze the orc, but do no damage.
The orc is moderately wounded.
You constrict the orc, but do no damage.
The orc barely misses you.
You tentacle-slap the orc but do no damage.
The orc is lightly wounded.
You constrict the orc, but do no damage.
The orc barely misses you.
You tentacle-slap the orc but do no damage.
You squeeze the orc, but do no damage.
The orc is lightly wounded.
You constrict the orc. The orc hits you with a +0 mace.
You tentacle-slap the orc.
The orc is almost dead.
You constrict the orc, but do no damage.
The orc priest miscasts a cantrip.
The orc hits you with a +0 mace!
* * * LOW HITPOINT WARNING * * *
You tentacle-slap the orc but do no damage.
You squeeze the orc, but do no damage.
The orc is almost dead.
You constrict the orc.
You kill the orc!
The orc priest mumbles some strange prayers to Beogh against you.
Beogh smites you!
You die...

####### # #.#
#.....#.# #.#
#.....#.# #.#
#....... #.#
##>##.....# #.#
..[....o).# #.#
#># #.# ##@##
#<# #...######.#
.####.#.....(.†#
........########
#########


You could see an orc priest.

Vanquished Creatures
  An orc priest (D:3)
  Natasha (twice) (D:3)
  9 gnolls
  2 worms (D:2)
  2 dart slugs
  5 orcs
  8 endoplasms
  A giant cockroach (D:1)
  7 goblins
  8 hobgoblins
  7 kobolds
  2 quokkas
  7 ball pythons
  5 bats
  2 frilled lizards
  7 rats
75 creatures vanquished.

Vanquished Creatures (collateral kills)
  A dart slug (D:1)
  2 orcs (D:3)
  A kobold (D:1)
  A quokka (D:1)
  A frilled lizard (D:1)
6 creatures vanquished.

Vanquished Creatures (others)
  An orc wizard (D:3)
  A gnoll (D:3)
2 creatures vanquished.

Grand Total: 83 creatures vanquished

Notes
Turn   | Place    | Note
-------+----------+-------------------------------------------
     0 | D:1      | H0rd4k the Octopode Artificer began the quest for the Orb.
     0 | D:1      | Reached XP level 1. HP: 13/13 MP: 1/1
    63 | D:1      | Reached XP level 2. HP: 6/18 MP: 2/2
   378 | D:1      | Reached skill level 4 in Evocations
   415 | D:1      | Reached XP level 3. HP: 9/23 MP: 3/3
   456 | D:1      | Reached skill level 1 in Unarmed Combat
  1381 | D:2      | Reached XP level 4. HP: 28/28 MP: 4/4
  2326 | D:3      | Reached XP level 5. HP: 21/33 MP: 5/5
  2520 | D:3      | Noticed Natasha
  2526 | D:3      | Killed Natasha
  2817 | D:3      | Reached XP level 6. HP: 39/39 MP: 6/6
  2821 | D:3      | Noticed Natasha
  2824 | D:3      | Killed Natasha
  2927 | D:4      | Killed from afar by an orc priest

Illustrated notes

Levels and vault maps discovered:
D:1:      lemuel_arrival_river_ford, layout_loops_ring, minmay_cupped
D:2:      layout_loops_corners, dreamdust_mushroom_princess
D:3:      layout_loops_ring, uniq_natasha
D:4:      layout_loops_ring, uniq_sigmund

Skill      XL: |  1  2  3  4  5  6 |
---------------+-------------------+-----
Evocations     | 4 |  4.5
Unarmed Combat | 1 2 3 |  3.6
Dodging        | 3 |  3.7
Fighting       | 2 |  2.0
Stealth        | |  1.3

Action                     |  1- 3 |  4- 6 || total
---------------------------+-------+-------++-------
  Melee: Unarmed           |    97 |    76 ||   173
         Constrict         |    31 |    21 ||    52
         Tentacles         |    23 |    23 ||    46
         Punch             |     3 |     2 ||     5
  Evoke: Wand              |     1 |    16 ||    17
   Stab: Sleeping          |    10 |     6 ||    16
 Armour: Skin              |     6 |     3 ||     9
  Dodge: Dodged            |    53 |    29 ||    82
